Map: Gresvan LE

Players

Joliwaloves

  • Race: Protoss Protoss
  • League: Master
  • Spawn Location: 5:00

NORTHAMERICA - Winner!

  • Race: Protoss Protoss
  • League: Grandmaster
  • Spawn Location: 11:00

VOD

Have the link to the VOD?

Description

Time

  • Played on: April 24, 2023, 2:24 a.m.
  • Length: 9:20
Show
View Real Time Build Order
Export as new Build Order

Joliwaloves Protoss 

Build Orders: Blink Stalkers 

Get SALT Encoding   

  12  0:00  Probe  
  13  0:12  Probe  
  14  0:18  Pylon  
  14  0:24  Probe  
  15  0:36  Probe (Chrono Boost)  
  15  0:38  Gateway  
  16  0:47  Probe (Chrono Boost)  
  17  0:50  Assimilator  
  17  0:52  Probe (Chrono Boost)  
  17  0:55  Assimilator  
  18  1:03  Probe (Chrono Boost)  
  19  1:07  Gateway  
  19  1:13  Probe (Chrono Boost)  
  19  1:18  Probe (Chrono Boost)  
  20  1:25  Cybernetics Core  
  21  1:29  Probe  
  22  1:34  Pylon  
  22  1:41  Probe  
  23  1:53  Probe  
  24  2:02  Stalker x2  
  24  2:04  Warp Gate  
  24  2:06  Probe  
  29  2:10  Pylon  
  29  2:25  Twilight Council  
  29  2:38  Stalker  
  29  2:42  Stalker  
  32  3:01  Nexus  
  32  3:08  Blink (Chrono Boost)  
  32  3:21  Probe  
  32  3:22  Shield Battery  
  33  3:35  Probe  
  33  3:38  Sentry  
  36  3:46  Pylon  
  36  3:47  Probe  
  37  3:59  Stalker  
  37  4:00  Shield Battery  
  39  4:04  Probe  
  38  4:10  Stalker  
  40  4:17  Probe  
  40  4:19  Gateway  
  39  4:25  Probe  
  39  4:27  Stalker  
  42  4:36  Stalker  
  42  4:37  Probe  
  42  4:38  Probe  
  44  4:47  Shield Battery  
  44  4:50  Stalker  
  44  4:52  Probe  
  45  4:57  Probe  
  45  5:04  Probe  
  46  5:07  Stalker  
  46  5:12  Probe  
  49  5:16  Probe  
  49  5:19  Pylon  
  49  5:21  Stalker  
  49  5:22  Stalker  
  49  5:24  Probe (Chrono Boost)  
  52  5:29  Probe (Chrono Boost)  
  53  5:36  Stalker, Probe (Chrono Boost)  
  53  5:41  Probe (Chrono Boost)  
  57  5:44  Probe (Chrono Boost)  
  57  5:48  Stalker x2, Probe (Chrono Boost)  
  60  5:50  Probe  
  62  6:04  Pylon  
  62  6:14  Nexus  
  62  6:16  Charge (Chrono Boost)  
  62  6:22  Probe x2  
  62  6:25  Gateway  
  64  6:27  Sentry x3  
  64  6:32  Pylon  
  70  6:44  Gateway  
  70  6:45  Gateway  
  70  6:50  Probe x2  
  70  6:52  Shield Battery  
  72  7:02  Probe x2  
  72  7:05  Gateway  
  74  7:14  Probe x2  
  76  7:17  Stalker  
  76  7:19  Pylon  
  78  7:23  Pylon  
  78  7:31  Stalker x3  
  84  7:40  Probe  
  84  7:41  Probe x2  
  84  7:43  Sentry, Gateway  
  84  7:44  Stalker  
  91  7:45  Stalker  
  91  7:49  Pylon  
  93  7:53  Pylon  
  93  7:56  Probe x3  
  96  8:03  Zealot  
  96  8:04  Zealot x3  
  102  8:07  Zealot  
  102  8:08  Zealot  
  102  8:10  Zealot  
  108  8:20  Robotics Facility  
  108  8:25  Zealot x3  
  110  8:28  Zealot x3  
  116  8:37  Zealot  
  118  8:44  Zealot x3  
  124  8:48  Pylon  
  124  8:49  Pylon  
  124  8:59  Zealot  
Show
View Real Time Build Order
Export as new Build Order

NORTHAMERICA Protoss - Winner!

Build Orders: Archon Immortal 

Get SALT Encoding   

  12  0:00  Probe  
  13  0:13  Probe  
  14  0:18  Pylon  
  14  0:25  Probe  
  15  0:37  Gateway, Probe (Chrono Boost)  
  16  0:47  Assimilator  
  16  0:48  Probe (Chrono Boost)  
  17  0:53  Probe (Chrono Boost)  
  17  0:56  Assimilator  
  18  1:03  Probe (Chrono Boost)  
  19  1:13  Gateway, Probe (Chrono Boost)  
  19  1:18  Probe (Chrono Boost)  
  21  1:26  Cybernetics Core  
  21  1:30  Probe  
  22  1:39  Pylon  
  22  1:42  Probe  
  23  1:57  Probe  
  23  2:00  Warp Gate (Chrono Boost)  
  24  2:02  Adept  
  24  2:03  Adept  
  28  2:09  Probe  
  28  2:13  Pylon  
  29  2:19  Pylon  
  29  2:23  Probe  
  30  2:32  Adept  
  30  2:35  Adept  
  34  2:52  Nexus  
  34  3:02  Adept  
  27  3:05  Adept  
  36  3:09  Pylon  
  38  3:18  Probe  
  39  3:20  Shield Battery  
  39  3:31  Probe (Chrono Boost)  
  40  3:39  Robotics Facility  
  40  3:43  Adept, Probe (Chrono Boost)  
  40  3:44  Adept  
  45  3:51  Probe (Chrono Boost)  
  46  4:04  Sentry x2  
  46  4:05  Probe  
  46  4:06  Probe (Chrono Boost)  
  52  4:18  Probe x2 (Chrono Boost)  
  52  4:22  Forge  
  54  4:27  Probe x2 (Chrono Boost)  
  54  4:29  Shield Battery  
  56  4:32  Probe (Chrono Boost)  
  56  4:34  Probe  
  56  4:37  Observer  
  59  4:41  Assimilator  
  59  4:44  Probe  
  59  4:45  Twilight Council  
  60  4:46  Probe  
  61  4:56  Probe  
  61  4:58  Probe  
  61  5:03  Protoss Ground Weapons Level 1  
  57  5:08  Probe  
  57  5:10  Probe  
  59  5:14  Pylon  
  59  5:17  Immortal (Chrono Boost)  
  59  5:19  Immortal (Chrono Boost)  
  59  5:20  Probe  
  62  5:22  Probe  
  62  5:23  Stalker x2  
  61  5:31  Charge (Chrono Boost)  
  61  5:32  Probe  
  61  5:33  Gateway  
  61  5:34  Probe, Gateway  
  61  5:35  Pylon  
  61  5:44  Probe  
  61  5:47  Immortal (Chrono Boost), Probe  
  65  5:50  Zealot x2  
  67  5:59  Immortal (Chrono Boost), Probe  
  67  6:01  Pylon  
  68  6:11  Stalker x2  
  68  6:16  Immortal (Chrono Boost)  
  68  6:17  Probe  
  77  6:23  Pylon  
  77  6:24  Pylon  
  77  6:37  Nexus  
  77  6:38  Pylon  
  77  6:43  Templar Archives  
  77  6:48  Immortal, Zealot x3  
  87  7:01  Shield Battery, Probe  
  88  7:04  Probe  
  88  7:05  Protoss Ground Weapons Level 2 (Chrono Boost)  
  89  7:10  Gateway  
  89  7:13  Probe, Gateway x2  
  90  7:17  Gateway  
  90  7:18  Probe  
  91  7:25  Probe  
  90  7:30  Probe  
  89  7:37  Probe  
  89  7:40  Assimilator  
  89  7:42  High Templar x2  
  89  7:43  Probe  
  89  7:44  Zealot x2  
  99  7:45  Warp Prism  
  99  7:48  Archon  
  101  8:08  Probe  
  101  8:09  Pylon  
  101  8:10  Pylon  
  102  8:13  Zealot x3, High Templar x2  
  102  8:14  Zealot  
  102  8:15  Probe  
  102  8:19  Archon  
  113  8:26  Zealot x2  
  117  8:30  Nexus  
  117  8:33  Pylon  
  117  8:34  Probe  
  117  8:38  Photon Cannon  
  117  8:40  Pylon  
  118  8:42  Dark Shrine  
  118  8:43  Zealot x3  
  124  8:55  High Templar x2  
  128  8:56  Zealot  
  128  8:57  Zealot x2  
  128  9:00  Archon  
  126  9:07  Zealot x3  
Tags
 
Add a new tag
Caveats
  • Supply blocks, unpowered buildings, or Contaminate may cause inaccurate times.
  • Supply counts are checked every 10 seconds.